 Dungeon Sprint DCSS version 0.26.1-2-gb8aa6d0cf2 (webtiles) character file.

Game seed: 5962687780012002136

132 Groucho the Covert (level 4, -2/14 HPs)
             Began as a Spriggan Enchanter on Feb 13, 2021.
             Slain by a white imp (3 damage)
             ... summoned by a neqoxec
             ... in the Dungeon (Sprint II: "The Violet Keep of Menkaure").
             The game lasted 00:00:48 (35 turns).

Groucho the Covert (Spriggan Enchanter)               Turns: 35, Time: 00:00:48

Health: -2/14      AC:  1    Str:  5    XL:     4   Next: 92%
Magic:  7/12       EV: 22    Int: 16    God:
Gold:   0          SH:  0    Dex: 16    Spells: 13/14 levels left

rFire    . . .     SeeInvis +   a - +1 dagger
rCold    . . .     Faith    .   (shield restricted)
rNeg     . . .     Spirit   .   b - +0 robe
rPois    .         Reflect  .   (helmet restricted)
rElec    .         Harm     .   (no cloak)
rCorr    .         Rampage  .   (gloves unavailable)
Will     .....     NoTele   +   (boots unavailable)
Stlth    ++++......             (no amulet)
HPRegen  0.04/turn              (no ring)
MPRegen  0.13/turn              (no ring)

@: berserk cooldown, hasted and slowed, very quick
A: very small, unfitting armour, horns 1, see invisible, deformed body, speed 3,
frail 3
a: no special abilities


You were in the Dungeon.
You visited 1 branch

Inventory:

Hand Weapons
 a - a +1 dagger (weapon)
Armour
 b - a +0 robe (worn)
Scrolls
 i - a scroll of blinking
Potions
 d - a potion of curing
 e - a potion of heal wounds
 g - 2 potions of magic


   Skills:
 + Level 4.8 Short Blades
 + Level 6.9 Dodging
 + Level 8.1 Stealth
 + Level 5.8 Spellcasting
 + Level 6.3 Hexes


You had 13 spell levels left.
You knew the following spells:

 Your Spells              Type           Power        Failure   Level
a - Corona                Hex            27%          1%          1

Your spell library contained the following spells:

 Spells                   Type           Power        Failure   Level
 Confusing Touch          Hex            25%          3%          3
 Tukima's Dance           Hex            25%          3%          3
 Ensorcelled Hibernation  Hex/Ice        28%          6%          2
 Dazzling Flash           Conj/Hex       28%          12%         3


Dungeon Overview and Level Annotations

Branches:
Dungeon (1/1)

Altars:


Innate Abilities, Weirdness & Mutations

You are very small and have problems with some larger weapons.
You are too small for most types of armour.
You have supernaturally acute eyesight. (SInv)
You cover ground extremely quickly.
You have a pair of small horns on your head.
Armour fits poorly on your strangely shaped body.
You are extremely frail. (-30% HP)


Message History

The neqoxec gestures.
You hit the neqoxec. You headbutt the neqoxec.
The neqoxec is moderately wounded.
The neqoxec hits you.
* * * LOW HITPOINT WARNING * * *
You hit the neqoxec but do no damage.
The neqoxec is moderately wounded.
The white imp closely misses you. The neqoxec gestures at you.
Strange energies course through your body.
You feel frail.
Unknown command.
You hit the neqoxec.
The neqoxec is moderately wounded.
The white imp completely misses you.
Unknown command.
You closely miss the neqoxec.
The neqoxec is moderately wounded.
The neqoxec completely misses you. The white imp hits you.
You die...

# ## ##.
#+# #.#
#.m.##.##5#
#$+.<@3#
#...##5###
##. #+# #


You could see a neqoxec, an iron imp (summoned) and a white imp (summoned).

Vanquished Creatures
  A neqoxec (D)
1 creature vanquished.

Notes
Turn   | Place    | Note
-------+----------+-------------------------------------------
     0 | D        | Groucho the Spriggan Enchanter began the quest for the Orb.
     0 | D        | Reached XP level 1. HP: 9/9 MP: 5/5
     1 | D        | Noticed a merfolk siren
     5 | D        | Noticed a neqoxec
     5 | D        | Noticed a neqoxec
     7 | D        | Noticed an iron imp
     9 | D        | Gained mutation: You have a pair of small horns on your
                  | head. [a neqoxec]
    15 | D        | Gained mutation: You are frail. (-10% HP) [a neqoxec]
    17 | D        | Gained mutation: You are very frail. (-20% HP) [a neqoxec]
    21 | D        | Killed a neqoxec
    22 | D        | Reached skill level 8 in Stealth
    22 | D        | Reached skill level 5 in Spellcasting
    22 | D        | Reached XP level 2. HP: 6/10 MP: 5/9
    22 | D        | Reached XP level 3. HP: 8/12 MP: 6/11
    22 | D        | Reached XP level 4. HP: 11/16 MP: 6/12
    26 | D        | Gained mutation: Armour fits poorly on your strangely
                  | shaped body. [a neqoxec]
    33 | D        | Gained mutation: You are extremely frail. (-30% HP) [a
                  | neqoxec]
    35 | D        | Slain by a white imp

Illustrated notes

Levels and vault maps discovered:
D:        the_violet_keep_of_menkaure [sprint2_stairs_cluster_1,
          sprint2_shoproom, sprint2_temple, sprint2_basic_supplies,
          sprint2_obstacle_6, sprint2_obstacle_2, sprint2_obstacle_4,
          sprint2_obstacle_7, sprint2_obstacle_5, sprint2_timed_cluster_1,
          sprint2_smallroom_cluster_1, sprint2_smallroom_final_cluster_1,
          sprint2_transparent_cluster_1, sprint2_second_timed_cluster_1,
          sprint2_sniper_area_1, sprint2_heavy_combat_area_1,
          sprint2_mutation_trap_area_1, sprint2_forest_area_1,
          sprint2_light_combat_area_1, sprint2_behind_water_1,
          sprint2_near_end_vault_1]

Skill      XL: |  1 |
---------------+----+-----
Short Blades   | 4 |  4.8
Dodging        | 6 |  6.9
Stealth        | 8 |  8.1
Spellcasting   | 5 |  5.8
Hexes          | 6 |  6.3

Action                   |  1- 3 |  4- 6 || total
-------------------------+-------+-------++-------
Melee: Dagger            |    15 |    11 ||    26
       Headbutt          |     2 |     1 ||     3
  Use: Potion            |     1 |     1 ||     2
Dodge: Dodged            |     3 |     8 ||    11
